AoeStats
← Scaff

Arabia

503199745Analyzed
2v2 RM · 2mo ago on Aug 30, 2026· 73m 2s· 4 players
Game mode
Random Map
Map size
Medium (4 player)
Population
200
Speed
Normal
Resources
Standard
Victory
Conquest
Starting age
Dark Age
Ending age
Imperial Age
RankedLock teamsTeams togetherTeam positionsShared explorationLock speedFull tech treeHidden civsTurbo modeCheats
Victory
Defeat
🇨🇿 Japanese · Czechia
793
+13
🇲🇹 Magyars · Malta
734
+16
vs
🇧🇷 Vietnamese · Brazil
735
-15
🇧🇷 Franks · Brazil
721
-14
Sunrise
4:53 Loom
12:04 Feudal Age
13:25 Double-Bit Axe
23:14 Castle Age
22:12 Scale Barding Armor
22:17 Forging
22:10 Town Watch
22:48 Gold Mining
22:48 Stone Mining
24:08 Bow Saw
25:29 Husbandry
26:49 Gold Shaft Mining
29:42 Chain Barding Armor
29:57 Iron Casting
30:50 Wheelbarrow
30:15 Town Patrol
31:46 Town Patrol
34:33 Hand Cart
34:58 Iron Casting
39:08 Crossbowman
40:43 Stone Mining
53:55 Imperial Age
52:49 Husbandry
54:56 Fletching
55:06 Padded Archer Armor
60:01 Imperial Age
58:11 Fervor
58:59 Bodkin Arrow
59:19 Leather Archer Armor
60:13 Ballistics
72:12 Pikeman
72:56 Squires
72:42 Arson
Scaff
7:05 Loom
9:21 Feudal Age
10:24 Double-Bit Axe
13:58 Horse Collar
16:00 Wheelbarrow
18:56 Fletching
19:11 Padded Archer Armor
21:18 Gold Mining
21:22 Stone Mining
26:47 Castle Age
27:24 Elite Skirmisher
27:30 Pikeman
28:11 Squires
28:16 Bodkin Arrow
28:41 Bow Saw
28:48 Heavy Plow
30:01 Leather Archer Armor
29:58 Forging
29:37 Arson
32:09 Thumb Ring
34:43 Hand Cart
36:09 Stone Shaft Mining
37:47 Iron Casting
37:40 Town Watch
39:49 Crossbowman
40:34 Scale Mail Armor
43:42 Imperial Age
42:46 Ballistics
45:27 Town Patrol
44:58 Elite Fire Lancer
45:01 Arbalester
46:36 Paper Money
47:09 Elite Rattan Archer
49:44 Two-Man Saw
49:16 Crop Rotation
51:46 Chemistry
50:31 Arrowslits
50:37 Guard Tower
50:48 Murder Holes
51:10 Fortified Wall
50:43 Treadmill Crane
50:54 Heated Shot
51:27 Devotion
51:49 Sanctity
52:07 Theocracy
51:50 Block Printing
52:06 Illumination
53:25 Ring Archer Armor
52:56 Bracer
53:11 Chain Mail Armor
58:14 Plate Mail Armor
59:53 Coinage
59:24 Caravan
63:22 Keep
68:08 Halberdier
73:11 Banking
72:52 Guilds
72:08 Imperial Skirmisher
Ctibor
0:39 Loom
12:37 Feudal Age
13:33 Horse Collar
20:47 Castle Age
23:25 Pikeman
26:39 Thumb Ring
26:54 Squires
28:45 Double-Bit Axe
32:57 Wheelbarrow
39:28 Imperial Age
38:34 Hand Cart
38:30 Heavy Plow
40:29 Capped Ram
42:07 Arson
41:43 Halberdier
42:10 Gambesons
42:37 Scale Mail Armor
42:48 Forging
44:31 Elite Samurai
45:48 Crossbowman
48:31 Caravan
49:41 Conscription
50:01 Chain Mail Armor
50:21 Iron Casting
49:39 Fletching
49:50 Padded Archer Armor
49:56 Scale Barding Armor
50:15 Bow Saw
55:29 Kataparuto
55:47 Heavy Cavalry Archer
56:53 Parthian Tactics
55:50 Arbalester
57:44 Plate Mail Armor
57:09 Bodkin Arrow
58:15 Blast Furnace
57:36 Chain Barding Armor
58:05 Leather Archer Armor
60:04 Siege Engineers
61:00 Chemistry
61:19 Bracer
61:43 Ballistics
61:18 Murder Holes
61:35 Fortified Wall
69:25 Masonry
68:38 Man-at-Arms
Dtox
11:18 Feudal Age
11:15 Loom
14:37 Scale Barding Armor
15:49 Bloodlines
25:47 Castle Age
25:33 Double-Bit Axe
26:58 Gold Mining
27:22 Husbandry
27:06 Horse Collar
29:24 Chain Barding Armor
30:48 Bow Saw
39:04 Wheelbarrow
41:38 Hand Cart
43:39 Heavy Plow
46:30 Stone Mining
46:34 Town Watch
48:23 Stone Mining
49:43 Fletching
49:54 Padded Archer Armor
50:38 Ballistics
50:28 Thumb Ring
53:56 Imperial Age
53:14 Bodkin Arrow
54:44 Heavy Cavalry Archer
55:09 Elite Skirmisher
56:34 Gold Shaft Mining
60:06 Cavalier
62:34 Parthian Tactics
66:27 Recurve Bow
70:45 Chemistry
70:52 Bracer
71:08 Leather Archer Armor
Connection lost

Rejoining the realm…

Still unreachable

The connection could not be restored.

Session expired

The server has moved on; the page needs a fresh start.